AoeStats
← PiroTrix

Arabia

509786887Analyzed
3v3 RM · 4d ago on Sep 28, 2026· 54m 56s· 6 players
Game mode
Random Map
Map size
Normal (6 player)
Population
200
Speed
Normal
Resources
Standard
Victory
Conquest
Starting age
Dark Age
Ending age
Imperial Age
RankedLock teamsTeams togetherTeam positionsShared explorationLock speedFull tech treeHidden civsTurbo modeCheats
Victory
Defeat
🇨🇴 Spanish · Colombia
769
+17
🇨🇴 Romans · Colombia
763
+18
🇨🇴 Poles · Colombia
762
+18
🇺🇸 Huns · United States
825
-20
🇨🇱 Franks · Chile
796
-39
🇧🇷 Teutons · Brazil
767
-16
akjamesm49
8:15 Loom
10:39 Feudal Age
15:48 Castle Age
14:52 Stone Mining
26:56 Scale Barding Armor
27:36 Forging
27:34 Marauders
29:08 Iron Casting
29:16 Bloodlines
29:04 Horse Collar
34:16 Imperial Age
35:06 Chain Barding Armor
35:02 Murder Holes
Cramunhão
3:07 Loom
10:13 Feudal Age
11:30 Wheelbarrow
10:42 Double-Bit Axe
10:39 Horse Collar
11:35 Gold Mining
12:23 Stone Mining
14:04 Town Watch
21:31 Castle Age
22:30 Hand Cart
22:17 Heavy Plow
22:29 Bow Saw
22:56 Stone Shaft Mining
22:49 Town Patrol
28:21 Fletching
28:46 Masonry
31:47 Ballistics
31:37 Bodkin Arrow
PiroTrix
10:17 Feudal Age
10:49 Double-Bit Axe
10:31 Man-at-Arms
21:31 Castle Age
23:06 Scale Barding Armor
26:01 Bow Saw
26:44 Forging
36:29 Wheelbarrow
37:48 Gold Mining
37:53 Stone Mining
42:18 Imperial Age
45:35 Cavalier
46:16 Husbandry
45:56 Pikeman
46:44 Squires
48:03 Wheelbarrow
48:09 Town Watch
49:46 Long Swordsman
54:53 Scale Mail Armor
Loudlobo
11:37 Feudal Age
11:22 Loom
13:34 Wheelbarrow
15:46 Bloodlines
17:46 Forging
17:42 Scale Barding Armor
22:02 Castle Age
23:15 Hand Cart
23:26 Pikeman
25:30 Husbandry
26:12 Iron Casting
29:51 Squires
43:44 Imperial Age
45:33 Horse Collar
45:41 Double-Bit Axe
47:46 Arson
49:30 Heavy Plow
51:12 Szlachta Privileges
51:28 Conscription
51:30 Cavalier
53:58 Blast Furnace
53:19 Chain Barding Armor
JuanCamilo0911
16:19 Feudal Age
14:35 Loom
21:40 Wheelbarrow
23:06 Castle Age
22:01 Wheelbarrow
22:11 Fletching
23:00 Double-Bit Axe
23:08 Man-at-Arms
24:00 Stone Mining
24:48 Gambesons
25:27 Long Swordsman
26:13 Pikeman
56:28 Imperial Age
betezo
0:50 Loom
13:41 Feudal Age
14:13 Double-Bit Axe
14:16 Town Watch
17:43 Wheelbarrow
17:13 Scale Mail Armor
20:08 Fletching
23:46 Castle Age
22:47 Forging
22:40 Padded Archer Armor
23:24 Man-at-Arms
35:41 Bow Saw
35:57 Horse Collar
38:42 Chain Mail Armor
40:36 Hand Cart
41:48 Heavy Plow
42:44 Bodkin Arrow
43:01 Long Swordsman
44:13 Crossbowman
45:15 Scale Barding Armor
46:54 Squires
47:29 Gold Mining
47:36 Stone Mining
47:46 Crossbowman
48:54 Pikeman
50:22 Town Patrol
54:26 Iron Casting
53:52 Murder Holes
Connection lost

Rejoining the realm…

Still unreachable

The connection could not be restored.

Session expired

The server has moved on; the page needs a fresh start.